 Dungeon Crawl Stone Soup version 0.22-a0-274-gf8199ec (webtiles) character file.

61 tidbits the Firebug (level 4, -4/32 HPs)
             Began as a Gnoll Fire Elementalist on Mar 14, 2018.
             Slain by an iguana (11 damage)
             ... on level 3 of the Dungeon.
             The game lasted 00:04:15 (369 turns).

tidbits the Firebug (Gnoll Fire Elementalist)        Turns: 369, Time: 00:04:16

Health: -4/32      AC:  2    Str:  9 (11) XL:     4   Next: 7%
Magic:  11/11      EV: 14    Int: 16 (18) God:
Gold:   67         SH:  0    Dex: 14 (15) Spells: 3/13 levels left

rFire    + . .     SeeInvis .   a - +2 dagger (venom)
rCold    + . .     Gourm    .   (no shield)
rNeg     . . .     Faith    .   i - +0 robe
rPois    +         Spirit   .   (no helmet)
rElec    +         Reflect  .   (no cloak)
rCorr    +         Harm     .   (no gloves)
MR       .....                  (no boots)
Stlth    +++.......             (no amulet)
HPRegen  0.10/turn              (no ring)
MPRegen  0.12/turn              (no ring)

@: resistant
A: distributed training, fangs 1, strong nose
a: no special abilities


You were on level 3 of the Dungeon.
You were not hungry.

You visited 1 branch of the dungeon, and saw 4 of its levels.

You collected 67 gold pieces.

Inventory:

Hand Weapons
 a - a +2 dagger of venom (weapon)
   (You found it on level 2 of the Dungeon)
 b - a +0 falchion
 d - a +0 short sword
 k - a +0 dagger
 o - a +0 hunting sling
Missiles
 g - 19 sling bullets
 h - 21 stones (quivered)
Armour
 i - a +0 robe (worn)
Scrolls
 e - 3 scrolls of identify {unknown}
 f - a scroll of enchant weapon {unknown}
 l - a scroll of magic mapping {unknown}
 n - a scroll of remove curse {unknown}
 p - a scroll of fear {unknown}
Potions
 j - a potion of resistance
 m - a potion of might {unknown}
Comestibles
 c - 3 rations


   Skills:
 + Level 1.0 Fighting
 + Level 1.0 Short Blades
 + Level 1.0 Long Blades
 + Level 1.0 Axes
 + Level 1.0 Maces & Flails
 + Level 1.0 Polearms
 + Level 1.0 Staves
 + Level 1.0 Slings
 + Level 1.0 Bows
 + Level 1.0 Crossbows
 + Level 1.0 Throwing
 + Level 1.0 Armour
 + Level 4.6 Dodging
 + Level 4.2 Stealth
 + Level 1.0 Shields
 + Level 1.0 Unarmed Combat
 + Level 5.0 Spellcasting
 + Level 2.2 Conjurations
 + Level 0.7 Hexes
 + Level 0.7 Charms
 + Level 0.7 Summonings
 + Level 0.7 Necromancy
 + Level 0.7 Translocations
 + Level 0.7 Transmutations
 + Level 5.4 Fire Magic
 + Level 0.7 Ice Magic
 + Level 0.7 Air Magic
 + Level 0.7 Earth Magic
 + Level 0.7 Poison Magic
 + Level 1.1 Invocations
 + Level 1.0 Evocations


You had 3 spell levels left.
You knew the following spells:

 Your Spells              Type           Power        Failure   Level  Hunger
a - Flame Tongue          Conj/Fire      ###..        3%          1    None
b - Sticky Flame          Conj/Fire      ###.....     30%         4    ####...
c - Conjure Flame         Conj/Fire      ###.....     10%         3    ###....
j - Throw Flame           Conj/Fire      ###...       4%          2    #......


Dungeon Overview and Level Annotations

Branches:
Dungeon (4/15)
 Temple: D:4-7

Altars:
Okawaru
Uskayaw
Wu Jian


Innate Abilities, Weirdness & Mutations

Your experience applies equally to all skills.
You have very sharp teeth.
Your uncanny sense of smell can sniff out nearby items.


Message History

The adder skeleton is moderately damaged.
You hit the adder skeleton.
You bite the adder skeleton, but do no damage.
The adder skeleton is severely damaged.
The adder skeleton bites you.
* * * LOW HITPOINT WARNING * * *
The adder skeleton closely misses you.
Casting: Flame Tongue (safe; 3% risk of failure)
Confirm with . or Enter, or press ? or * to list all spells.
Aiming: Flame Tongue (safe; 3% risk of failure)
Press: ? - help, Shift-Dir - straight line, f - adder skeleton
Aim: an adder skeleton (severely damaged)
The flame tongue misses the adder skeleton.
The adder skeleton bites you.
* * * LOW HITPOINT WARNING * * *
Casting: Flame Tongue (safe; 3% risk of failure)
Confirm with . or Enter, or press ? or * to list all spells.
Aiming: Flame Tongue (safe; 3% risk of failure)
Press: ? - help, Shift-Dir - straight line, f/p - adder skeleton
Aim: an adder skeleton (severely damaged)
The flame tongue hits the adder skeleton.
You destroy the adder skeleton!
Found a short sword.
Found a hide-covered altar of Uskayaw.
Unknown command.
Found a brown potion.
There is a stone staircase leading up here.
You climb upwards.
The goblin shouts! 2 jackals and a giant cockroach come into view.
You hear a shout!
You hear an angry hiss.
Found 18 gold pieces and 18 arrows.
A leopard gecko comes into view.
There is a stone staircase leading down here.
The leopard gecko moves out of view.
You climb downwards.
There is a stone staircase leading up here.
Unknown command.
You see here 12 gold pieces.
You now have 51 gold pieces (gained 12).
Found a robe.
You see here a ration.
c - 3 rations (gained 1)
You see here a brown potion.
m - a brown potion
There is a hide-covered altar of Uskayaw here.
Wield which item (- for none, * to show all)? (? for menu, Esc to quit)
Your +2 dagger of venom begins to drip with poison!
a - a +2 dagger of venom (weapon)
Adjust (i)tems, (s)pells, or (a)bilities?
Adjust which item? (? for menu, Esc to quit)
k - a +0 falchion Adjust to which letter? (? for menu, Esc to quit)
b - a +0 falchion;
k - a +0 dagger
Found a scroll labeled TOSIVV XOTO.
You see here a scroll labeled TOSIVV XOTO.
n - a scroll labeled TOSIVV XOTO
Found 2 scrolls labeled YMMEANIQOSO.
Unknown command.
The giant cockroach is sucked into a shaft!
The shaft crumbles and collapses.
You see here 2 scrolls labeled YMMEANIQOSO.
e - 3 scrolls labeled YMMEANIQOSO (gained 2)
An ooze comes into view.
Found a scroll labeled DOCYIR WIUG.
The helpless ooze fails to defend itself.
You impale the ooze!!
You kill the ooze!
You have reached level 4!
You feel stronger.
Found a hunting sling.
You see here a hunting sling.
o - a hunting sling This spell is quite dangerous to cast!
Memorise Sticky Flame, consuming 4 spell levels and leaving 3?
You start memorising the spell.
You continue memorising. x4
You finish memorising.
Spell assigned to 'b'.
You see here a scroll labeled DOCYIR WIUG.
p - a scroll labeled DOCYIR WIUG
Found 16 gold pieces.
You see here 16 gold pieces.
You now have 67 gold pieces (gained 16).
There is an ornate altar of the Wu Jian Council here.
Things that are here:
a robe; a whip; an orc corpse
Things that are here:
a mace; an orc corpse
There is a stone staircase leading down here.
You climb downwards.
A worm comes into view.
The iguana hisses menacingly.
There is a stone staircase leading up here.
The iguana bites you!
* * * LOW HITPOINT WARNING * * *
You climb upwards.
There is a stone staircase leading down here.
Unknown command.
It was a potion of resistance.
You feel protected. The iguana bites you!
You die...

## #. #### #. ...
####### #.##
#†####......
#..####†<....# ##
#####...##.....l#
###...
#....##.###....@##.)..#
# #....##.###.....)..#
##### #
#....##..#######[###
...# #
#)...###..######.######
###.### ##....#
##...............
#...... .....##
######....######
#.#.### .....#
####...##.## ###.#.#
.....# #.....###..#
##.....# .....#
#....##.##
#.####..#.###


You could see an iguana.

Vanquished Creatures
  A worker ant (D:3)
  An adder (D:3)
  An ooze (D:3)
  An adder skeleton (D:3)
  A dart slug (D:1)
  3 orcs (D:3)
  2 hobgoblins (D:3)
  2 jackals (D:3)
  A kobold (D:2)
  2 bats
  A frilled lizard (D:1)
  2 rats
18 creatures vanquished.

Notes
Turn   | Place    | Note
-------+----------+-------------------------------------------
     0 | D:1      | tidbits the Gnoll Fire Elementalist began the quest for the Orb.
     0 | D:1      | Reached XP level 1. HP: 13/13 MP: 6/6
    17 | D:1      | Reached skill level 2 in Conjurations
   138 | D:3      | Reached XP level 2. HP: 14/20 MP: 3/7
   155 | D:3      | Reached skill level 5 in Spellcasting
   155 | D:3      | Reached skill level 1 in Invocations
   155 | D:3      | Reached XP level 3. HP: 18/25 MP: 3/9
   221 | D:3      | Found an ornate altar of the Wu Jian Council.
   237 | D:3      | Learned a level 2 spell: Throw Flame
   241 | D:3      | Learned a level 3 spell: Conjure Flame
   257 | D:3      | Reached skill level 1 in Fighting
   257 | D:3      | Reached skill level 1 in Short Blades
   257 | D:3      | Reached skill level 1 in Long Blades
   257 | D:3      | Reached skill level 1 in Axes
   257 | D:3      | Reached skill level 1 in Maces & Flails
   257 | D:3      | Reached skill level 1 in Polearms
   257 | D:3      | Reached skill level 1 in Staves
   257 | D:3      | Reached skill level 1 in Slings
   257 | D:3      | Reached skill level 1 in Bows
   257 | D:3      | Reached skill level 1 in Crossbows
   257 | D:3      | Reached skill level 1 in Throwing
   257 | D:3      | Reached skill level 1 in Armour
   257 | D:3      | Reached skill level 1 in Shields
   257 | D:3      | Reached skill level 1 in Unarmed Combat
   257 | D:3      | Reached skill level 1 in Evocations
   264 | D:4      | Found an iron altar of Okawaru.
   276 | D:3      | Found a hide-covered altar of Uskayaw.
   328 | D:3      | Reached XP level 4. HP: 14/32 MP: 7/11
   337 | D:3      | Learned a level 4 spell: Sticky Flame
   369 | D:3      | Slain by an iguana

Vault maps used:
D:1:      dpeg_arrival_shelter
D:2:      nicolae_overflow_crystal_walls, first_ration
D:3:      grunt_temple_overflow_lords_of_destruction,
          eat_drink_and_be_merry_uskayaw, lemuel_crystal_altar
D:4:      elyvilon_altar_5, lemuel_doored_altar, uniq_sigmund, uniq_menkaure,
          uniq_robin

Skill      XL: |  1  2  3 |
---------------+----------+-----
Conjurations   | 2 |  2.2
Spellcasting   | 5 |  5.0
Invocations    | 1 |  1.1
Fighting       | 1 |  1.0
Short Blades   | 1 |  1.0
Long Blades    | 1 |  1.0
Axes           | 1 |  1.0
Maces & Flails | 1 |  1.0
Polearms       | 1 |  1.0
Staves         | 1 |  1.0
Slings         | 1 |  1.0
Bows           | 1 |  1.0
Crossbows      | 1 |  1.0
Throwing       | 1 |  1.0
Armour         | 1 |  1.0
Shields        | 1 |  1.0
Unarmed Combat | 1 |  1.0
Evocations     | 1 |  1.0
Dodging        | |  4.6
Stealth        | |  4.2
Hexes          | |  0.7
Charms         | |  0.7
Summonings     | |  0.7
Necromancy     | |  0.7
Translocations | |  0.7
Transmutations | |  0.7
Fire Magic     | |  5.4
Ice Magic      | |  0.7
Air Magic      | |  0.7
Earth Magic    | |  0.7
Poison Magic   | |  0.7

Action                   |  1- 3 |  4- 6 || total
-------------------------+-------+-------++-------
Melee: Dagger            |    11 |       ||    11
       Falchion          |     4 |       ||     4
       Unarmed           |     2 |       ||     2
       Bite              |     1 |       ||     1
Throw: Stone             |     1 |       ||     1
 Cast: Flame Tongue      |    27 |       ||    27
  Use: Potion            |     2 |     1 ||     3
 Stab: Sleeping          |     1 |       ||     1
Armor: Skin              |    13 |       ||    13
       Robe              |     3 |       ||     3
Dodge: Dodged            |    19 |       ||    19
       Rpst.: Falchion   |     1 |       ||     1

Table legend:
 A = Spawn XP
 B = Non-spawn XP
 C = Spawn XP percentage of total XP
 D = Spawn monster count
 E = Non-spawn monster count
 F = Spawn count percentage of total count
 G = Total turns spent on level
                    A         B        C        D         E        F      G
               +---------+---------+-------+---------+---------+-------+---------
         Total |       0 |      88 |   0.0 |       0 |      18 |   0.0 |   369
               +---------+---------+-------+---------+---------+-------+---------
           D:1 |       0 |       7 |   0.0 |       0 |       4 |   0.0 |    80
           D:2 |       0 |       2 |   0.0 |       0 |       1 |   0.0 |    53
           D:3 |       0 |      79 |   0.0 |       0 |      13 |   0.0 |   230
               +---------+---------+-------+---------+---------+-------+---------

Table legend:
 A = Turns spent in this place as a percentage of turns spent in the entire game.
 B = Non-inter-level travel turns spent in this place as a percentage of non-inter-level travel turns spent in the entire game.
 C = Inter-level travel turns spent in this place as a percentage of turns spent in this place.
 D = Turns resting spent in this place as a percentage of non-inter-level travel turns spent in this place.
 E = Turns spent auto-exploring this place as a percentage of non-inter-level travel turns spent in this place.
 F = Non-inter-level travel turns spent in this place divided by the number of levels of this place that you've seen.
                   A       B       C       D       E      F
               +-------+-------+-------+-------+-------+----------------------
         Total | 100.0 | 100.0 |   0.0 |   0.0 |   0.0 |  92.2
       Dungeon | 100.0 | 100.0 |   0.0 |   0.0 |   0.0 |  92.2
               +-------+-------+-------+-------+-------+----------------------

Table legend:
 A = Kills in this place as a percentage of kills in entire the game.
 B = Kills by you in this place as a percentage of kills by you in the entire game.
 C = Kills by friends in this place as a percentage of kills by friends in the entire game.
 D = Other kills in this place as a percentage of other kills in the entire game.
 E = Experience gained in this place as a percentage of experience gained in the entire game.
 F = Experience gained in this place divided by the number of levels of this place that you have seen.
                   A       B       C       D       E      F
               +-------+-------+-------+-------+-------+----------------------
         Total | 100.0 | 100.0 |   N/A |   N/A | 100.0 |  22.0
       Dungeon | 100.0 | 100.0 |   N/A |   N/A | 100.0 |  22.0
               +-------+-------+-------+-------+-------+----------------------

Vault maps used:
D:1:      dpeg_arrival_shelter
D:2:      nicolae_overflow_crystal_walls, first_ration
D:3:      grunt_temple_overflow_lords_of_destruction,
          eat_drink_and_be_merry_uskayaw, lemuel_crystal_altar
D:4:      elyvilon_altar_5, lemuel_doored_altar, uniq_sigmund, uniq_menkaure,
          uniq_robin
